 Dungeon Crawl Stone Soup version 0.27.1-35-g4d5d836560 (console) character file.

Game seed: 7718977392317274585

406 grimtooth the Cudgeller (level 6, -1/50 HPs)
             Began as a Demonspawn Abyssal Knight on June 3, 2022.
             Was a Believer of Lugonu.
             Slain by Pikel (2 damage)
             ... on level 4 of the Dungeon.
             The game lasted 00:14:52 (3631 turns).

grimtooth the Cudgeller (Demonspawn Abyssal Knight) Turns: 3631, Time: 00:14:52

Health: -1/50      AC:  8    Str: 15    XL:     6   Next: 56%
Magic:  7/7        EV:  9    Int: 13    God:    Lugonu [**....]
Gold:   31         SH:  0    Dex: 12    Spells: 5/5 levels left

rFire    . . .     SeeInvis .   a - +1 mace
rCold    . . .     Faith    .   (no shield)
rNeg     . . .     Spirit   .   l - +0 scale mail
rPois    .         Reflect  .   (no helmet)
rElec    .         Harm     .   (no cloak)
rCorr    .         Rampage  .   (no gloves)
Will     .....                  (no boots)
Stlth    ..........             (no amulet)
HPRegen  0.16/turn              (no ring)
MPRegen  0.10/turn              (no ring)

@: mighty
A: molten scales 1, powered by pain 1, demonic magic 1
a: Renounce Religion, Depart the Abyss, Bend Space


You were on level 4 of the Dungeon.
You worshipped Lugonu.
Lugonu was pleased with you.
You visited 1 branch of the dungeon, and saw 4 of its levels.
You visited the Abyss 1 time.

You collected 103 gold pieces.
You spent 72 gold pieces at shops.

Inventory:

Hand Weapons
 a - a +1 mace (weapon)
 b - a +0 hunting sling
Missiles
 f - 39 stones (quivered)
 j - 21 sling bullets
Armour
 k - a +0 leather armour
 l - a +0 scale mail (worn)
Wands
 m - a wand of iceblast (8)
Scrolls
 c - 2 scrolls of noise {unknown}
 d - 2 scrolls of amnesia
 g - a scroll of blinking {unknown}
 o - a scroll of enchant armour {unknown}
Potions
 e - 2 potions of curing {unknown}
 h - 2 potions of mutation
 i - 2 potions of brilliance {unknown}


   Skills:
 + Level 4.9 Fighting
 * Level 5.4 Maces & Flails
 - Level 1.7 Armour
 - Level 0.8 Dodging
 - Level 2.4 Invocations


You had 5 spell levels left.
You didn't know any spells.
Your spell library was empty.

Dungeon Overview and Level Annotations

Branches:
Dungeon (4/15)
 Temple: D:4-7

Altars:
Ashenzari

Shops:
D:1 ?

Annotations:
D:4 Pikel


Innate Abilities, Weirdness & Mutations

You are partially covered in molten scales. (AC +2)
You sometimes gain a little power by taking damage.
Spells you cast may paralyse adjacent enemies.


Message History

You feel much better.
You feel sick. The lemure barely misses you.
You bludgeon the lemure!!
The lemure is severely wounded.
You feel sick.
You are no longer poisoned.
The lemure hits you but does no damage.
You thump the lemure!
You kill the lemure!
That felt strangely unrewarding.
You sock Pikel!
Pikel is moderately wounded.
Pikel zaps a wand.
You barely resist.
A lemure comes into view.
The lemure shouts!
You sock Pikel!
Pikel is heavily wounded.
Pikel barely misses you.
You hit Pikel.
Pikel is severely wounded.
Pikel zaps a wand.
You barely resist. You sock Pikel!
Pikel is almost dead.
Pikel zaps a wand.
You barely resist.
Pikel hits you with a +2 whip of flaming!
Pikel burns you.
Your scale mail prevents you from hitting Pikel.
Pikel is almost dead.
Pikel zaps a wand.
Your mind is blasted!
Ouch! That really hurt!
* * * LOW HITPOINT WARNING * * *
You focus on the pain.
You feel mightier all of a sudden. The lemure hits you but does no damage.
You miss Pikel.
Pikel is almost dead.
The lemure misses you.
Pikel hits you with a +2 whip of flaming.
* * * LOW HITPOINT WARNING * * *
Pikel burns you.
You die...

.. ..... .......# ##
##......# . ##.
##.......#.
#..######....#....
##...............#
#.....†.K.......## #.
##...5K##.........#.(..
#....5@##.......:....$.
###...<##..............
##..÷#............##.
#....#.............#
#....<............##
##.#.#####........#
#..#######..........
#.......§........#..
##...§§§≈. #...≈§§≈≈
##..≈≈_§≈


You could see Pikel and 2 lemures.

Vanquished Creatures
  A black bear (D:4)
  A lemure (D:4)
  A scorpion (D:4)
  Terence (D:2)
  Ijyb (D:3)
  Natasha (thrice) (D:2)
  6 gnolls
  3 adders
  A dart slug (D:1)
  4 orcs
  4 ball pythons
  4 endoplasms
  2 giant cockroaches
  2 goblins
  2 hobgoblins
  4 jackals (D:3)
  6 kobolds
  A quokka (D:1)
  3 bats
  5 frilled lizards
55 creatures vanquished.

Notes
Turn   | Place    | Note
-------+----------+-------------------------------------------
     0 | Abyss:1  | grimtooth the Demonspawn Abyssal Knight began the quest for
                  | the Orb.
     0 | Abyss:1  | Reached XP level 1. HP: 18/18 MP: 2/2
    26 | Abyss:1  | Noticed a harpy
    26 | Abyss:1  | a shapeshifter changed into a harpy
    26 | Abyss:1  | Noticed a large abomination
    27 | D:1      | Escaped the Abyss
    59 | D:1      | Reached skill level 2 in Maces & Flails
    71 | D:1      | Found Woekema's Magic Scroll Emporium.
   202 | D:1      | Gained mutation: Spells you cast may paralyse adjacent
                  | enemies. [demonic ancestry]
   202 | D:1      | Reached XP level 2. HP: 13/24 MP: 3/3
   518 | D:1      | Reached * piety under Lugonu
   724 | D:2      | Noticed Natasha
   733 | D:2      | Killed Natasha
   734 | D:2      | Reached skill level 3 in Maces & Flails
   734 | D:2      | Reached XP level 3. HP: 21/29 MP: 4/4
   855 | D:2      | - blew that pretty quick
  1145 | D:2      | Noticed Natasha
  1157 | D:2      | Killed Natasha
  1274 | D:2      | Gained mutation: You are partially covered in molten
                  | scales. (AC +2) [demonic ancestry]
  1274 | D:2      | Reached XP level 4. HP: 15/37 MP: 5/5
  1471 | D:2      | Found a faded altar of an unknown god.
  1473 | D:2      | Noticed Natasha
  1488 | D:2      | Killed Natasha
  1845 | D:2      | Noticed Terence
  2025 | D:2      | Reached skill level 4 in Maces & Flails
  2025 | D:2      | Gained mutation: You sometimes gain a little power by
                  | taking damage. [demonic ancestry]
  2025 | D:2      | Reached XP level 5. HP: 12/42 MP: 6/6
  2229 | D:2      | Killed Terence
  2429 | D:1      | Bought a scroll of identify for 24 gold pieces
  2430 | D:1      | Bought a scroll of identify for 24 gold pieces
  2430 | D:1      | Bought a scroll of identify for 24 gold pieces
  2632 | D:3      | Noticed Ijyb
  2658 | D:3      | Killed Ijyb
  2666 | D:3      | - a rare perfect lignify
  3227 | D:4      | Noticed a black bear
  3242 | D:4      | Killed a black bear
  3243 | D:4      | Reached skill level 5 in Maces & Flails
  3243 | D:4      | Reached XP level 6. HP: 28/49 MP: 7/7
  3248 | D:4      | Reached ** piety under Lugonu
  3322 | D:4      | Noticed Pikel
  3579 | D:4      | Found a broken altar of Ashenzari.
  3631 | D:4      | HP: 1/50 [Pikel (4)]
  3631 | D:4      | Slain by Pikel

Illustrated notes ##############.# ................ #######<######.# #.# ########.# .........### .......)...# ##########.## #..# ##@# #.# #g## #..# ##g## ## #..# #...#g# # #.#g#.#.# # #.....# ##.#..# #. $...# Turn 855 on D:2: - blew that pretty quick

#####+########
#............# #......
#............# #......
#....(.......# #......
#.>..........# #......
#............# #......
#...†@.......# #......
#...)######.## #......
#....+......# #......
#....#####..####....#.
#....#........##..#.#.
#....#..#...#.#...#.#.
####.#......#.#.#.#.#.
..........#.#†#.#.#.
.........)#.#†#.#...
..............#.####
######........#.....


Turn 2666 on D:3: - a rare perfect lignify

Levels and vault maps discovered:
D:1:      psy_arrival_whirlpool, layout_loops_cross, serial_shops, shop
D:2:      layout_basic, chequers_ecumenical_altar_simple_redux, uniq_natasha,
          uniq_terence
D:3:      layout_basic, uniq_ijyb
D:4:      layout_cave_pools, mainiacjoe_overflow_catwalk, uniq_pikel

Skill      XL: |  1  2  3  4  5 |
---------------+----------------+-----
Maces & Flails | 2 3 4 5 |  5.4
Fighting       | 4 |  4.9
Armour         | |  1.7
Dodging        | |  0.8
Invocations    | |  2.4

Action                   |  1- 3 |  4- 6 || total
-------------------------+-------+-------++-------
Melee: Mace              |    44 |   180 ||   224
 Fire: Hunting sling     |     4 |    51 ||    55
Throw: Stone             |    15 |     2 ||    17
Invok: Depart the Abyss  |     1 |       ||     1
  Use: Potion            |       |     3 ||     3
       Scroll            |       |     3 ||     3
Armor: Leather armour    |    13 |       ||    13
       Scale mail        |     4 |    80 ||    84
       Skin              |       |    55 ||    55
Dodge: Dodged            |    33 |   100 ||   133
